 Dungeon Crawl Stone Soup version 0.29-a0-813-g4a14ea37d6 (webtiles) character file.

Game seed: 1193633843441863536

124714 Anon1729 the Minotaur Blade (level 16, -1/146 (155) HPs)
             Began as a Minotaur Monk on July 4, 2022.
             Was a High Priest of Jiyva.
             Engulfed by a swamp dragon's poison gas (8 damage)
             ... on level 1 of the Swamp.
             The game lasted 00:33:07 (20822 turns).

Anon1729 the Minotaur Blade (Minotaur Monk)        Turns: 20822, Time: 00:33:07

HP:   -1/146 (155)  AC: 11    Str: 15    XL:     16   Next: 10%
MP:   15/15         EV: 20    Int: 11    God:    Jiyva [*****.]
Gold: 313           SH:  0    Dex: 12    Spells: 15/15 levels left

rFire   + + +      SeeInvis .   T - +2 scimitar (vamp)
rCold   + + +      Faith    .   (no shield)
rNeg    . . .      Spirit   .   Y - +1 robe of Vines {NoPotionHeal Regen++++}
rPois   .          Reflect  .   (helmet unavailable)
rElec   +          Harm     .   p - +0 cloak
rCorr   +          Rampage  .   (no gloves)
Will    ++...                   (no boots)
Stlth   +++.......              x - amulet of the Air {Inacc Air Fly rElec RMsl}
HPRegen 4.98/turn               A - ring "Ybats" {rC++ Will+ Dex-5}
MPRegen 0.59/turn               P - ring "Casaakaxabb" {+Blink rF+ rC++ Dex-3 Slay+4}

@: lethally poisoned (-1 -> -2), flying, drained, repel missiles
A: horns 3, retaliatory headbutt, iridescent scales 3, clever 1, fire resistance
2, acidic bite, gelatinous body 2, pseudopods 3, jelly sensing items, MP-powered
wands
}: 1/15 runes: slimy
a: Renounce Religion, Evoke Blink, Oozemancy, Slimify


You were on level 1 of the Swamp.
You worshipped Jiyva.
Jiyva was extremely pleased with you.
You visited 6 branches of the dungeon, and saw 31 of its levels.

You collected 1636 gold pieces.
You spent 1323 gold pieces at shops.

Inventory:

Hand Weapons
 n - a +0 scimitar of flaming
 L - the +7 sling of the Shrinking Gods {speed, Will+ rCorr Str+3}
   (You found it on level 5 of the Pits of Slime)

   Attacks with this weapon are significantly faster.
   Str:       It affects your strength (+3).
   rCorr:     It protects you from acid and corrosion.
   Will:      It increases your willpower.
 O - a -1 demon whip of venom
 T - a +2 vampiric scimitar (weapon)
 X - a +1 scimitar of holy wrath
Armour
 f - quicksilver dragon scales
 p - a +0 cloak (worn)
 Y - the +1 robe of Vines (worn) {NoPotionHeal Regen++++}
   (You bought it in a shop on level 1 of the Elven Halls)

   Its wearer cannot be healed by potions.
   Regen:     It increases your rate of health regeneration.
Jewellery
 a - a ring of willpower
 b - a +4 ring of slaying
 m - a ring of fire
 q - a ring of willpower
 r - a ring of magical power
 x - the amulet of the Air (around neck) {Inacc Air Fly rElec RMsl}
   (You found it on level 5 of the Pits of Slime)

   [amulet of nothing]

   It reduces the accuracy of all your attacks.
   It enhances your air magic.
   rElec:     It insulates you from electricity.
   Fly:       It grants you flight.
   RMsl:      It protects you from missiles.
 y - an amulet of guardian spirit
 A - the ring "Ybats" (left hand) {rC++ Will+ Dex-5}
   (You found it on level 7 of the Dungeon)

   [ring of willpower]

   Dex:       It affects your dexterity (-5).
   rC:        It greatly protects you from cold.
   Will:      It increases your willpower.
 I - a ring of protection from cold
 K - a +6 ring of strength
 P - the ring "Casaakaxabb" (right hand) {+Blink rF+ rC++ Dex-3 Slay+4}
   (You found it on level 4 of the Lair of Beasts)

   [ring of slaying]

   Dex:       It affects your dexterity (-3).
   Slay:      It affects your accuracy & damage with ranged weapons and melee
   (+4).
   rF:        It protects you from fire.
   rC:        It greatly protects you from cold.
   +Blink:    It lets you blink.
 Q - a ring of wizardry
 R - an amulet of the acrobat
 S - a ring of flight
Wands
 h - a wand of flame (17)
 B - a wand of charming (4)
 E - a wand of iceblast (37)
 H - a wand of mindburst (14)
 N - a wand of acid (12)
Scrolls
 c - a scroll of enchant armour
 g - 4 scrolls of teleportation
 i - a scroll of magic mapping
 j - 3 scrolls of vulnerability
 o - a scroll of silence
 u - 2 scrolls of noise
 w - 4 scrolls of torment
 z - a scroll of immolation
 F - 3 scrolls of fog
 G - a scroll of fear
 V - 2 scrolls of identify
 W - a scroll of poison
Potions
 d - a potion of invisibility
 e - 2 potions of attraction
 k - 3 potions of lignification
 l - 3 potions of brilliance
 s - 4 potions of flight
 t - 3 potions of haste
 v - a potion of curing
 C - 2 potions of mutation
 D - a potion of might
 J - 2 potions of resistance
Miscellaneous
 M - a tin of tremorstones (2/2)
 U - a condenser vane
 Z - a phial of floods


   Skills:
 + Level 17.1 Fighting
 * Level 23.1 Long Blades
 - Level 4.0 Armour
 + Level 15.8 Dodging
 + Level 4.4 Stealth
 + Level 5.6 Evocations


You had 15 spell levels left.
You didn't know any spells.
Your spell library contained the following spells:

 Spells                   Type           Power      Damage    Failure   Level
 Beastly Appendage        Tmut           0%         N/A       34%         1
 Sting                    Tmut/Pois      0%         1d3       34%         1
 Blink                    Tloc           0%         N/A       47%         2
 Ensorcelled Hibernation  Hex/Ice        0%         N/A       47%         2
 Poisonous Vapours        Pois/Air       0%         N/A       47%         2
 Wereblood                Tmut           0%         N/A       47%         2
 Confusing Touch          Hex            0%         N/A       71%         3
 Conjure Flame            Conj/Fire      0%         6-21      71%         3
 Gell's Gravitas          Tloc           0%         N/A       71%         3
 Ignite Poison            Fire/Tmut/Pois 0%         N/A       71%         3
 Inner Flame              Hex/Fire       0%         N/A       71%         3
 Lesser Beckoning         Tloc           0%         N/A       71%         3
 Portal Projectile        Hex/Tloc       0%         N/A       71%         3
 Spider Form              Tmut/Pois      0%         N/A       71%         3
 Summon Guardian Golem    Hex/Summ       0%         N/A       71%         3
 Teleport Other           Tloc           0%         N/A       71%         3
 Tukima's Dance           Hex            0%         N/A       71%         3
 Airstrike                Air            0%         0-1+      98%         4
 Anguish                  Hex/Necr       0%         N/A       98%         4
 Corpse Rot               Necr/Pois/Air  0%         N/A       98%         4
 Ice Form                 Ice/Tmut       0%         N/A       98%         4
 Leda's Liquefaction      Hex/Erth       0%         N/A       98%         4
 Olgreb's Toxic Radiance  Pois           0%         N/A       98%         4
 Passage of Golubria      Tloc           0%         N/A       98%         4
 Sticky Flame             Conj/Fire      0%         2d3       98%         4
 Summon Lightning Spire   Summ/Air       0%         N/A       98%         4
 Blade Hands              Tmut           0%         N/A       100%        5
 Irradiate                Conj/Tmut      0%         3d13      100%        5
 Lightning Bolt           Conj/Air       0%         1d11      100%        5
 Silence                  Hex/Air        0%         N/A       100%        5
 Yara's Violent Unravell  Hex/Tmut       0%         3d3       100%        5
 Dragon Form              Tmut           0%         N/A       100%        7
 Enfeeble                 Hex            0%         N/A       100%        7
 Orb of Destruction       Conj           0%         9d5       100%        7
 Spellforged Servitor     Conj/Summ      0%         N/A       100%        7
 Lehudib's Crystal Spear  Conj/Erth      0%         10d2      100%        8


Dungeon Overview and Level Annotations

Branches:
Dungeon (14/15)            Temple (0/1) D:7            Lair (6/6) D:11
  Swamp (1/4) Lair:3        Snake (0/4) Lair:2        Slime (5/5) Lair:6
    Orc (2/2) D:10            Elf (3/3) Orc:2        Vaults (0/5) D:13

Altars:
Ashenzari
Hepliaklqana
Makhleb
Okawaru
Qazlal
Sif Muna
Trog
Vehumet
The Shining One
Jiyva

Shops:
D:12 *   Orc:1 :   Orc:2 ([:=(   Elf:1 [*(

Portals:
Trove: D:12 (give +8 demon whip)

Annotations:
D:12 1 runed translucent door, Kughere's ghost, journeyman GnFi
Slime:5 Royal Jelly
Orc:1 2 transporters, Ajdolov's ghost, journeyman OgAE


Innate Abilities, Weirdness & Mutations

You have a pair of large horns on your head.
You reflexively headbutt those who attack you in melee.
You are completely covered in iridescent scales. (AC +6)
Your mind is acute. (Int +4, Str/Dex -1)
Your flesh is very heat resistant. (rF++)
You have acidic saliva.
Your pliable body absorbs attacks. (AC +2, EV +2)
Armour fits poorly on your massive pseudopods.
You have a small jelly attached to you that senses nearby items.
You expend magic power (3 MP) to strengthen your wands.


Message History

The swamp dragon barely misses you. The swamp dragon closely misses you.
You closely miss the swamp dragon. Your bite misses the swamp dragon.
The swamp dragon is heavily wounded.
You feel sick.
You hit the swamp dragon.
You feel better.
You bite the swamp dragon, but do no damage.
You bludgeon the swamp dragon.
The swamp dragon is severely wounded.
You feel sick.
The swamp dragon breathes poison at you.
The blast of poison misses you.
You closely miss the swamp dragon.
The swamp dragon is severely wounded.
You are engulfed in poison gas.
You are more poisoned.
* * * LOW HITPOINT WARNING * * *
You feel very sick. The swamp dragon bites you!
* * * LOW HITPOINT WARNING * * *
The swamp dragon claws you but does no damage.
The swamp dragon completely misses you.
You slash the swamp dragon!
You feel better.
Your headbutt misses the swamp dragon. Your bludgeon misses the swamp dragon.
The swamp dragon is severely wounded.
You are engulfed in poison gas.
You are more poisoned.
You feel extremely sick. The swamp dragon bites you!
* * * LOW HITPOINT WARNING * * *
The swamp dragon completely misses you. The swamp dragon closely misses you.
You slash the swamp dragon! Your headbutt misses the swamp dragon.
The swamp dragon is almost dead.
You are engulfed in poison gas.
You are lethally poisoned!
* * * LOW HITPOINT WARNING * * *
x2 You feel extremely sick.
Your system rejects the healing.
You feel better.
You are engulfed in poison gas.
You are poisoned.
You die...

♣..♣ ♣)♣ ♣♣♣
♣.♣♣ ♣.♣♣
♣.♣♣♣.♣ ♣..♣♣
♣.♣♣..♣
♣♣...♣♣
♣♣≈≈.♣♣
♣.≈○.§♣♣ ≈
♣...♣
♣☼☼♣...♣♣≈.≈≈
♣♣.♣♣
♣○☼♣♣...≈≈.≈≈
♣♣.♣♣
♣°D♣♣D$≈≈♣≈..
♣>(.♣
♣♣°@♣♣♣≈≈≈≈≈≈≈
♣♣.♣♣ ♣.○☼♣
.≈≈..≈§ ♣.♣
♣.≈≈♣ .≈≈≈≈≈≈
♣.♣ ♣♣.≈♣♣
♣≈≈≈♣.. ♣†♣
♣.°°≈♣ ...≈ ≈
♣.♣ ♣♣...♣♣
≈≈≈≈≈ ♣.♣
♣...♣♣
♣.♣♣♣≈≈.♣
♣.≈♣..≈.♣


You could see a swamp dragon.

Vanquished Creatures
  A deep elf sorcerer (Elf:3)
  A deep elf annihilator (Elf:3)
  2 deep elf demonologists (Elf:3)
  A deep elf high priest (Elf:3)
  3 deep elf death magi
  A fire dragon (Lair:2)
  The ghost of Zebulonius the Severer, a journeyman MiFi of Okawaru (D:11)
  A boulder beetle (Lair:5)
  Erolcha (D:13)
  A vault guard (D:12)
  2 catoblepae (Lair:6)
  3 hydras
  A ghost crab (Swamp:1)
  A two-headed ogre (D:13)
  2 centaur warriors (Orc:2)
  An alligator (Swamp:1)
  5 death yaks
  18 dancing weapons
  Nergalle (Lair:1)
  7 deep elf knights
  Amaemon (Lair:3)
  A goliath frog (Swamp:1)
  4 bog bodies (Lair:3)
  7 deep elf archers
  7 orc knights
  A lindwurm (Lair:6)
  35 deep elf zephyrmancers
  25 deep elf pyromancers
  An ugly thing (D:12)
  2 manticores
  5 cyclopes
  Maurice (D:11)
  5 elephants (Lair:4)
  11 black mambas
  A guardian serpent (Lair:6)
  An orange demon (Lair:3)
  A gargoyle (D:11)
  10 cane toads
  An ice statue (Lair:5)
  5 yaktaurs
  2 unseen horrors
  Psyche (D:11)
  4 rime drakes
  7 komodo dragons
  A kobold demonologist (D:13)
  2 ice devils (Lair:5)
  5 trolls
  3 meliai (D:13)
  A tyrant leech (Swamp:1)
  3 blink frogs (Lair:6)
  2 polar bears
  2 hornets (Lair:6)
  4 centaur simulacra
  2 shadows (D:11)
  Sigmund (D:3)
  A vampire (D:12)
  A water elemental (Elf:2)
  2 air elementals
  24 yaks
  18 wyverns
  2 wraiths
  Grum (D:11)
  A redback (Lair:6)
  A basilisk (Lair:4)
  An unseen horror simulacrum (D:10)
  4 fire elementals
  2 vampire mosquitoes (D:10)
  2 steam dragons (D:9)
  A death yak simulacrum (Lair:5)
  2 wargs
  13 water moccasins
  25 orc warriors
  3 black bears
  2 ice beasts (D:11)
  10 ogres
  11 wolves
  6 centaurs
  4 phantoms
  5 kobold brigands
  8 bullfrogs
  3 earth elementals
  An elephant simulacrum (Lair:5)
  6 killer bees
  3 howler monkeys (D:8)
  12 electric eels
  A lava snake (Orc:1)
  15 orc priests
  A gnoll bouda (D:6)
  Crazy Yiuf (D:3)
  7 hounds
  Ijyb (D:3)
  An iguana (D:6)
  18 orc wizards
  6 hell rats (Lair:4)
  A spriggan simulacrum (Lair:5)
  Robin (D:3)
  7 gnolls (D:6)
  12 adders
  2 shadow imps
  6 white imps
  An ufetubus (D:5)
  2 dart slugs
  52 orcs
  5 bats
  A giant cockroach (D:3)
  14 goblins
  8 hobgoblins
  3 jackals (D:3)
  13 kobolds
  6 quokkas
  3 training dummies (Orc:2)
  5 ball pythons
  4 frilled lizards
  3 rats (D:2)
594 creatures vanquished.

Vanquished Creatures (collateral kills)
  A deep elf elementalist (Elf:3)
  A deep elf annihilator (Elf:3)
  3 deep elf death magi
  2 dancing weapons (Elf:1)
  A deep elf zephyrmancer (D:11)
  A deep elf pyromancer (Elf:1)
  A harpy simulacrum (Lair:5)
10 creatures vanquished.

Vanquished Creatures (others)
  2 deep elf master archers (Elf:3)
  An azure jelly (D:13)
  3 deep elf sorcerers (Elf:3)
  2 deep elf elementalists (Elf:3)
  3 deep elf demonologists (Elf:3)
  2 deep elf annihilators (Elf:3)
  4 deep elf death magi (Elf:3)
  A deep elf high priest (Elf:3)
  3 deep elf knights
  2 deep elf pyromancers
  An orc knight (D:13)
  2 deep elf zephyrmancers
  A wolf spider (Lair:6)
  3 slime creatures
  A cane toad (Lair:6)
  A blink frog (Lair:6)
  A yak (Lair:6)
  A wyvern (Lair:6)
  2 water elementals (Elf:2)
  A water moccasin (Lair:6)
  An orc warrior (Orc:2)
  5 ogres (D:13)
  4 centaurs
  4 killer bees (D:6)
  A howler monkey (D:8)
  106 jellies
  A hound (D:6)
  4 orc priests
  A gnoll bouda (D:6)
  6 orc wizards
  A gnoll (D:6)
  An adder (D:6)
  2 white imps
  An ufetubus (D:6)
  A dart slug (D:4)
  14 orcs
  An endoplasm (Lair:6)
  3 hobgoblins
  6 kobolds
  71 fungi
  153 plants
424 creatures vanquished.

Grand Total: 1028 creatures vanquished

Notes
Turn   | Place    | Note
-------+----------+-------------------------------------------
     0 | D:1      | Anon1729 the Minotaur Monk began the quest for the Orb.
     0 | D:1      | Reached XP level 1. HP: 19/19 MP: 0/0
   362 | D:1      | Reached XP level 2. HP: 26/27 MP: 1/1
   466 | D:1      | Reached skill level 4 in Long Blades
   772 | D:2      | Reached XP level 3. HP: 32/33 MP: 2/2
  1267 | D:3      | Noticed Sigmund
  1290 | D:3      | Noticed Robin
  1301 | D:2      | Reached XP level 4. HP: 26/39 MP: 3/3
  1451 | D:3      | Found a faded altar of an unknown god.
  1468 | D:3      | Prayed at the altar of an unknown god.
  1468 | D:3      | Became a worshipper of Jiyva Jotob the Shapeless
  1468 | D:3      | Reached * piety under Jiyva
  1468 | D:3      | Reached ** piety under Jiyva
  1473 | D:3      | Reached skill level 1 in Armour
  1510 | D:3      | Reached skill level 5 in Long Blades
  1527 | D:3      | Killed Robin
  1528 | D:3      | Reached XP level 5. HP: 46/47 MP: 4/4
  1567 | D:3      | Killed Sigmund
  1568 | D:3      | Reached XP level 6. HP: 55/55 MP: 5/5
  1585 | D:3      | Reached *** piety under Jiyva
  1672 | D:3      | Noticed Ijyb
  1684 | D:3      | Killed Ijyb
  1685 | D:3      | Reached skill level 5 in Fighting
  1685 | D:3      | Reached skill level 6 in Long Blades
  1693 | D:3      | Found a runed translucent door.
  1694 | D:3      | Noticed Crazy Yiuf
  1864 | D:3      | Killed Crazy Yiuf
  1910 | D:4      | Gained mutation: Your muscles are strong. (Str +4, Int/Dex
                  | -1) [Jiyva's grace]
  1910 | D:4      | Gained mutation: Your muscles are very strong. (Str +8,
                  | Int/Dex -2) [Jiyva's grace]
  1910 | D:4      | Gained mutation: You passively dampen the noise of your
                  | surroundings. [Jiyva's grace]
  1910 | D:4      | Gained mutation: You are robust. (+10% HP) [Jiyva's grace]
  1989 | D:4      | Found a glowing golden altar of the Shining One.
  2202 | D:4      | Found a broken altar of Ashenzari.
  2384 | D:4      | Reached **** piety under Jiyva
  2665 | D:5      | Entered Level 5 of the Dungeon
  2720 | D:5      | Reached XP level 7. HP: 63/67 MP: 6/6
  2747 | D:5      | Reached skill level 5 in Dodging
  2821 | D:5      | Reached skill level 7 in Long Blades
  3210 | D:5      | Found a bloodstained altar of Trog.
  3727 | D:6      | Reached skill level 8 in Long Blades
  3727 | D:6      | Reached XP level 8. HP: 76/77 MP: 7/7
  3802 | D:6      | Reached ***** piety under Jiyva
  3905 | D:6      | Reached skill level 9 in Long Blades
  3975 | D:6      | Found a shimmering blue altar of Sif Muna.
  4069 | D:6      | Found an iron altar of Okawaru.
  4437 | D:7      | Lost mutation: You are robust. (+10% HP) [Jiyva's grace]
  4437 | D:7      | Lost mutation: Your muscles are very strong. (Str +8,
                  | Int/Dex -2) [Jiyva's grace]
  4437 | D:7      | Lost mutation: Your muscles are strong. (Str +4, Int/Dex
                  | -1) [Jiyva's grace]
  4437 | D:7      | Gained mutation: You have a pair of large horns on your
                  | head. [Jiyva's grace]
  4437 | D:7      | Gained mutation: You have large cloven feet. [Jiyva's
                  | grace]
  4437 | D:7      | Gained mutation: You have hoof-like feet. [Jiyva's grace]
  4437 | D:7      | Gained mutation: You have hooves in place of feet. [Jiyva's
                  | grace]
  4486 | D:7      | Reached skill level 10 in Long Blades
  4546 | D:7      | Reached XP level 9. HP: 79/79 MP: 8/8
  4594 | D:7      | Found a staircase to the Ecumenical Temple.
  4723 | D:7      | Killed an unseen horror
  4882 | D:7      | Noticed a troll
  4901 | D:7      | Killed a troll
  4927 | D:7      | Found a hazy altar of Hepliaklqana.
  4966 | D:7      | Identified the ring "Ybats" {rC++ Will+ Dex-5}
  5043 | D:7      | Reached skill level 11 in Long Blades
  5197 | D:8      | Identified the +0 dagger of Agony {drain, rC++ Str-4 Int+2
                  | Dex+5}
  5396 | D:8      | Reached ****** piety under Jiyva
  5412 | D:8      | Found a stormy altar of Qazlal.
  5539 | D:8      | Found a burning altar of Makhleb.
  5546 | D:8      | You fall into a shaft and drop 1 floor!
  5685 | D:9      | Reached skill level 12 in Long Blades
  5810 | D:9      | Reached XP level 10. HP: 72/91 MP: 6/9
  6082 | D:10     | Entered Level 10 of the Dungeon
  6234 | D:10     | Lost mutation: You have hooves in place of feet. [Jiyva's
                  | grace]
  6234 | D:10     | Lost mutation: You passively dampen the noise of your
                  | surroundings. [Jiyva's grace]
  6234 | D:10     | Gained mutation: You are partially covered in large bone
                  | plates. (SH +4) [Jiyva's grace]
  6234 | D:10     | Gained mutation: You are mostly covered in large bone
                  | plates. (SH +6) [Jiyva's grace]
  6234 | D:10     | Gained mutation: You are completely covered in large bone
                  | plates. (SH +8) [Jiyva's grace]
  6234 | D:10     | Gained mutation: You expend magic power (3 MP) to
                  | strengthen your wands. [Jiyva's grace]
  6287 | D:10     | Reached skill level 13 in Long Blades
  6298 | D:10     | Found a staircase to the Orcish Mines.
  6396 | D:10     | Reached skill level 10 in Fighting
  6506 | D:10     | Noticed a manticore
  6515 | D:10     | Slimified a manticore
  6515 | D:10     | a manticore changed into a slime creature
  6905 | D:11     | Reached skill level 14 in Long Blades
  6950 | D:11     | Found a staircase to the Lair.
  6956 | D:11     | Noticed Maurice
  6969 | D:11     | Killed Maurice
  6981 | D:11     | Noticed a deep elf pyromancer
  6981 | D:11     | Noticed a deep elf zephyrmancer
  6981 | D:11     | Noticed a deep elf zephyrmancer
  6981 | D:11     | Noticed a deep elf pyromancer
  6992 | D:11     | Noticed a deep elf zephyrmancer
  6992 | D:11     | Noticed a deep elf zephyrmancer
  6992 | D:11     | Noticed a deep elf zephyrmancer
  6993 | D:11     | Noticed a deep elf zephyrmancer
  6993 | D:11     | Noticed a deep elf pyromancer
  6996 | D:11     | Killed a deep elf zephyrmancer
  6997 | D:11     | Reached XP level 11. HP: 88/101 MP: 1/10
  7008 | D:11     | Killed a deep elf zephyrmancer
  7014 | D:11     | Killed a deep elf pyromancer
  7016 | D:11     | Killed a deep elf zephyrmancer
  7017 | D:11     | Reached skill level 10 in Dodging
  7101 | D:11     | Found a runed translucent gate.
  7101 | D:11     | Found a runed translucent gate.
  7102 | D:11     | Found a runed translucent gate.
  7164 | D:11     | Noticed Zebulonius's ghost (journeyman MiFi)
  7458 | D:12     | Noticed a deep elf pyromancer
  7461 | D:12     | Found Ning's General Store.
  7473 | D:12     | Killed a deep elf pyromancer
  7482 | D:12     | Noticed a vault guard
  7490 | D:12     | Killed a vault guard
  7491 | D:12     | Reached skill level 15 in Long Blades
  7494 | D:12     | Found a portal to a secret trove of treasure.
  7508 | D:12     | Noticed a white ugly thing
  7510 | D:12     | Bought a scroll of fear for 63 gold pieces
  7510 | D:12     | Bought a potion of resistance for 180 gold pieces
  7531 | D:12     | Killed a white ugly thing
  7556 | D:12     | Lost mutation: You have a pair of large horns on your head.
                  | [Jiyva's grace]
  7556 | D:12     | Lost mutation: You are completely covered in large bone
                  | plates. (SH +8) [Jiyva's grace]
  7556 | D:12     | Gained mutation: You have supernaturally acute eyesight.
                  | (SInv) [Jiyva's grace]
  7556 | D:12     | Gained mutation: You are resistant to electric shocks.
                  | (rElec) [Jiyva's grace]
  7556 | D:12     | Gained mutation: You are partially covered in iridescent
                  | scales. (AC +2) [Jiyva's grace]
  7556 | D:12     | Gained mutation: You are mostly covered in iridescent
                  | scales. (AC +4) [Jiyva's grace]
  7683 | D:12     | Found a runed translucent door.
  7695 | D:12     | Noticed Kughere's ghost (journeyman GnFi)
  7934 | D:13     | Noticed an orc knight
  7936 | D:13     | Noticed an ogre mage
  8131 | D:13     | Reached skill level 16 in Long Blades
  8207 | D:13     | Slimified an ogre mage
  8207 | D:13     | an ogre mage changed into a slime creature
  8262 | D:13     | Found a gate to the Vaults.
  8301 | D:13     | Reached XP level 12. HP: 112/112 MP: 11/11
  8471 | D:13     | Noticed Rupert
  8473 | D:13     | Noticed Urug
  8479 | D:13     | Noticed Lodul
  8484 | D:13     | Slimified Rupert
  8484 | D:13     | Noticed Rupert
  8484 | D:13     | Rupert changed into Rupert the azure jelly
  8489 | D:13     | Killed Rupert the azure jelly
  8499 | D:13     | Noticed Erolcha
  8500 | D:13     | Slimified Urug
  8500 | D:13     | Noticed Urug
  8500 | D:13     | Urug changed into Urug the slime creature
  8515 | D:13     | Killed Erolcha
  8839 | D:13     | Noticed a two-headed ogre
  8846 | D:13     | Killed a two-headed ogre
  9040 | D:11     | Noticed Grum
  9055 | D:11     | Killed Grum
  9118 | D:11     | Reached skill level 17 in Long Blades
  9200 | Lair:1   | Entered Level 1 of the Lair of Beasts
  9223 | Lair:1   | You fall into a shaft and drop 1 floor!
  9380 | Lair:2   | Found a staircase to the Snake Pit.
  9496 | Lair:2   | Lost mutation: You are mostly covered in iridescent scales.
                  | (AC +4) [Jiyva's grace]
  9496 | Lair:2   | Lost mutation: You are mostly covered in large bone plates.
                  | (SH +6) [Jiyva's grace]
  9496 | Lair:2   | Gained mutation: You are mostly covered in iridescent
                  | scales. (AC +4) [Jiyva's grace]
  9496 | Lair:2   | Gained mutation: You are completely covered in iridescent
                  | scales. (AC +6) [Jiyva's grace]
  9496 | Lair:2   | Gained mutation: Your rubbery body absorbs attacks. (AC +1,
                  | EV +1) [Jiyva's grace]
  9496 | Lair:2   | Gained mutation: Your pliable body absorbs attacks. (AC +2,
                  | EV +2) [Jiyva's grace]
  9862 | Lair:2   | Noticed a fire dragon
  9877 | Lair:2   | Killed a fire dragon
 10166 | Lair:3   | Noticed a death yak
 10167 | Lair:3   | Noticed a death yak
 10167 | Lair:3   | Noticed a death yak
 10206 | Lair:3   | Killed a death yak
 10221 | Lair:3   | Killed a death yak
 10222 | Lair:3   | Reached skill level 18 in Long Blades
 10245 | Lair:3   | Killed a death yak
 10348 | Lair:3   | Found a staircase to the Swamp.
 10443 | Lair:3   | Noticed a seven-headed hydra
 10451 | Lair:3   | Noticed Amaemon
 10491 | Lair:3   | Lost mutation: You have supernaturally acute eyesight.
                  | (SInv) [potion of mutation]
 10491 | Lair:3   | Lost mutation: You expend magic power (3 MP) to strengthen
                  | your wands. [potion of mutation]
 10511 | Lair:3   | Killed Amaemon
 10512 | Lair:3   | Reached XP level 13. HP: 110/122 MP: 9/12
 11061 | Lair:4   | Identified the ring "Casaakaxabb" {+Blink rF+ rC++ Dex-3
                  | Slay+4}
 11341 | Lair:4   | Lost mutation: You have hoof-like feet. [Jiyva's grace]
 11341 | Lair:4   | Lost mutation: You are completely covered in iridescent
                  | scales. (AC +6) [Jiyva's grace]
 11341 | Lair:4   | Lost mutation: You are resistant to electric shocks.
                  | (rElec) [Jiyva's grace]
 11341 | Lair:4   | Gained mutation: Your flesh is heat resistant. (rF+)
                  | [Jiyva's grace]
 11341 | Lair:4   | Gained mutation: Your flesh is very heat resistant. (rF++)
                  | [Jiyva's grace]
 11341 | Lair:4   | Gained mutation: Your flesh is almost immune to the effects
                  | of heat. (rF+++) [Jiyva's grace]
 11341 | Lair:4   | Gained mutation: You are completely covered in iridescent
                  | scales. (AC +6) [Jiyva's grace]
 11742 | Lair:5   | Reached skill level 19 in Long Blades
 11970 | Lair:5   | Noticed an azure jelly
 11970 | Lair:5   | a 12-headed hydra changed into an azure jelly
 12656 | Lair:6   | Entered Level 6 of the Lair of Beasts
 12998 | Lair:6   | Reached skill level 20 in Long Blades
 13018 | Lair:6   | Found a staircase to the Slime Pits.
 13019 | Lair:6   | Found a viscous altar of Jiyva.
 13033 | Slime:1  | Entered Level 1 of the Pits of Slime
 13033 | Slime:1  | Noticed an azure jelly
 13196 | Slime:3  | Noticed a quicksilver ooze
 13202 | Slime:4  | Noticed an acid blob
 13203 | Slime:4  | Noticed an acid blob
 13210 | Slime:5  | Entered Level 5 of the Pits of Slime
 13241 | Slime:5  | Noticed a rockslime
 13250 | Slime:5  | Noticed a rockslime
 13260 | Slime:5  | Noticed an acid blob
 13305 | Slime:5  | Noticed an acid blob
 13310 | Slime:5  | Noticed the Royal Jelly
 13314 | Slime:5  | Noticed a quicksilver ooze
 13322 | Slime:5  | Noticed an azure jelly
 13334 | Slime:5  | Noticed an azure jelly
 13393 | Slime:5  | Noticed an acid blob
 13406 | Slime:5  | Found a viscous altar of Jiyva.
 13407 | Slime:5  | Found the +3 giant club "Skullcrusher" {speed, Str+7}
 13407 | Slime:5  | Found the amulet of the Air {Inacc Air Fly rElec RMsl}
 13410 | Slime:5  | Identified the +7 sling of the Shrinking Gods {speed, Will+
                  | rCorr Str+3}
 13415 | Slime:5  | Got the Discourse on Charming Orientation
 13426 | Slime:5  | Got a slimy rune of Zot
 13439 | Slime:5  | Identified the +5 morningstar of the Heavens {vorpal,
                  | Dex+4}
 13454 | Slime:5  | Noticed a rockslime
 13708 | Lair:6   | Noticed an acid blob
 13708 | Lair:6   | a seven-headed hydra changed into an acid blob
 13928 | Lair:6   | Reached XP level 14. HP: 94/133 MP: 13/13
 14004 | Lair:6   | Reached skill level 15 in Fighting
 14375 | Lair:6   | Gained mutation: Your gelatinous body deflects attacks. (AC
                  | +3, EV +3) [Jiyva's grace]
 14375 | Lair:6   | Gained mutation: Armour fits poorly on your pseudopods.
                  | [Jiyva's grace]
 14375 | Lair:6   | Gained mutation: Armour fits poorly on your large
                  | pseudopods. [Jiyva's grace]
 14375 | Lair:6   | Gained mutation: Armour fits poorly on your massive
                  | pseudopods. [Jiyva's grace]
 14877 | Lair:1   | Noticed Nergalle
 14892 | Lair:1   | Killed Nergalle
 15228 | Orc:1    | Entered Level 1 of the Orcish Mines
 15231 | Orc:1    | Found Bijirru's Self-Improvement Boutique.
 15287 | Orc:1    | Noticed Ajdolov's ghost (journeyman OgAE)
 15302 | Orc:1    | Found a bloodstained altar of Trog.
 15305 | Orc:1    | Found a transporter.
 15329 | Orc:1    | Found a transporter.
 15416 | Orc:1    | Identified the ring "Ifuumin" {Fly rCorr Str+5 Dex-2
                  | Stlth+}
 15886 | Orc:2    | Entered Level 2 of the Orcish Mines
 16041 | Orc:2    | Found Jifouraow's Firing Range.
 16264 | Orc:2    | Lost mutation: You have large cloven feet. [Jiyva's grace]
 16264 | Orc:2    | Lost mutation: Your gelatinous body deflects attacks. (AC
                  | +3, EV +3) [Jiyva's grace]
 16264 | Orc:2    | Gained mutation: You have a pair of large horns on your
                  | head. [Jiyva's grace]
 16264 | Orc:2    | Gained mutation: You have a small jelly attached to you
                  | that senses nearby items. [Jiyva's grace]
 16264 | Orc:2    | Gained mutation: Your mind is acute. (Int +4, Str/Dex -1)
                  | [Jiyva's grace]
 16264 | Orc:2    | Gained mutation: Your mind is very acute. (Int +8, Str/Dex
                  | -2) [Jiyva's grace]
 16284 | Orc:2    | Reached skill level 21 in Long Blades
 16393 | Orc:2    | Found Lurpharr's Book Boutique.
 16393 | Orc:2    | Found Fotzecs's Jewellery Emporium.
 16395 | Orc:2    | Found Mamiad's Antique Weapon Shoppe.
 16397 | Orc:2    | Found Wenwued's Armour Shop.
 16456 | Orc:2    | Found a staircase to the Elven Halls.
 16634 | Elf:1    | Entered Level 1 of the Elven Halls
 16684 | Elf:1    | Found a radiant altar of Vehumet.
 16702 | Elf:1    | Reached skill level 1 in Evocations
 16948 | Elf:1    | Found Uriaq's General Store.
 16991 | Elf:1    | Bought a scroll of blinking for 120 gold pieces
 17269 | Elf:1    | Found Emuu's Weapon Shoppe.
 17542 | Elf:1    | Reached XP level 15. HP: 34/144 MP: 14/14
 17632 | Elf:1    | Paralysed by an air elemental for 1 turns
 17644 | Elf:1    | Found Istetiru's Armour Shoppe.
 17662 | Elf:1    | Reached skill level 15 in Dodging
 17678 | Elf:1    | Bought the +1 robe of Vines {NoPotionHeal Regen++++} for
                  | 960 gold pieces
 17678 | Elf:1    | Found the +1 robe of Vines {NoPotionHeal Regen++++}
 17944 | Elf:1    | Reached skill level 22 in Long Blades
 18004 | Elf:2    | Lost mutation: You are completely covered in iridescent
                  | scales. (AC +6) [Jiyva's grace]
 18004 | Elf:2    | Lost mutation: You are partially covered in large bone
                  | plates. (SH +4) [Jiyva's grace]
 18004 | Elf:2    | Lost mutation: Your mind is very acute. (Int +8, Str/Dex
                  | -2) [Jiyva's grace]
 18004 | Elf:2    | Lost mutation: Your flesh is almost immune to the effects
                  | of heat. (rF+++) [Jiyva's grace]
 18004 | Elf:2    | Lost mutation: Your pliable body absorbs attacks. (AC +2,
                  | EV +2) [Jiyva's grace]
 18004 | Elf:2    | Gained mutation: You have acidic saliva. [Jiyva's grace]
 18004 | Elf:2    | Gained mutation: You expend magic power (3 MP) to
                  | strengthen your wands. [Jiyva's grace]
 18004 | Elf:2    | Gained mutation: You are completely covered in iridescent
                  | scales. (AC +6) [Jiyva's grace]
 18004 | Elf:2    | Gained mutation: Your pliable body absorbs attacks. (AC +2,
                  | EV +2) [Jiyva's grace]
 18542 | Elf:2    | Found a runed translucent gate.
 18543 | Elf:2    | Found a runed translucent gate.
 18543 | Elf:2    | Found a runed translucent gate.
 18693 | Elf:2    | Noticed a deep elf blademaster
 18827 | Elf:1    | Slimified a deep elf blademaster
 18827 | Elf:1    | Noticed an acid blob
 18827 | Elf:1    | a deep elf blademaster changed into an acid blob
 18995 | Elf:3    | Entered Level 3 of the Elven Halls
 19014 | Elf:3    | Identified the +4 chain mail of Movvuob {Int+4}
 19161 | Elf:3    | Reached skill level 5 in Evocations
 19556 | Elf:3    | Noticed a deep elf sorcerer
 19619 | Elf:3    | Killed a deep elf sorcerer
 19621 | Elf:3    | Noticed an Ice Fiend
 19695 | Elf:3    | Noticed a deep elf blademaster
 19697 | Elf:3    | Noticed a deep elf sorcerer
 19713 | Elf:3    | Slimified a deep elf blademaster
 19713 | Elf:3    | Noticed an azure jelly
 19713 | Elf:3    | a deep elf blademaster changed into an azure jelly
 19715 | Elf:3    | Killed a deep elf sorcerer
 19719 | Elf:3    | Noticed a deep elf blademaster
 19735 | Elf:2    | Slimified a deep elf blademaster
 19735 | Elf:2    | Noticed an acid blob
 19735 | Elf:2    | a deep elf blademaster changed into an acid blob
 19809 | Elf:3    | Killed a deep elf master archer
 19820 | Elf:3    | Killed a deep elf sorcerer
 19849 | Elf:3    | Killed a deep elf sorcerer
 19860 | Elf:3    | Killed a deep elf master archer
 19989 | Elf:3    | Got the Incunable of Variable Blasting
 19991 | Elf:3    | Got the Octavo of Unclean Transmogrification
 20033 | Elf:3    | Identified the +6 chain mail "Lapazine" {+Blink rF- Int+7
                  | Stlth+}
 20132 | Elf:2    | Reached skill level 23 in Long Blades
 20157 | Elf:2    | Reached XP level 16. HP: 142/155 MP: 15/15
 20330 | D:11     | Noticed Psyche
 20341 | D:11     | Killed Psyche
 20514 | D:11     | Killed Zebulonius's ghost
 20637 | Swamp:1  | Entered Level 1 of the Swamp
 20821 | Swamp:1  | HP: 7/146 [poisoned by a swamp dragon (poison gas)]
 20822 | Swamp:1  | Engulfed by a swamp dragon's poison gas

Illustrated notes

Levels and vault maps discovered:
D:1:      amcnicky_arrival_single_pillar, layout_basic
D:2:      layout_basic
D:3:      layout_rooms, ebering_ecumenical_altar_abandoned, uniq_sigmund,
          uniq_crazy_yiuf_cottage, uniq_robin, uniq_ijyb
D:4:      layout_cave_pods, lemuel_doored_altar, lemuel_crystal_altar
D:5:      layout_layer_cave, mainiacjoe_overflow_brackets,
          kennysheep_generic_room_14
D:6:      layout_cave_pools, tgw_sif, mainiacjoe_overflow_surrounded_room,
          grunt_ministairs_14, kennysheep_boxes
D:7:      layout_loops_ring, mainiacjoe_overflow_boulevard,
          minmay_temple_entry_proselytizer
D:8:      layout_rooms, amethyst_overflow_temple_binary,
          nicolae_overflow_crystal_walls
D:9:      minmay_razor_zed, layout_loops_corners, serial_aquarium,
          aquarium_bridge_square [aquarium_subvault_wall,
          aquarium_subvault_bridge, aquarium_subvault_window,
          aquarium_subvault_balcony], aquarium_window_corridor_3,
          aquarium_window_corner, aquarium_window_fake, aquarium_window_corner,
          aquarium_view_2c, aquarium_view_2e, aquarium_balcony_double_3,
          aquarium_pool_four
D:10:     layout_long_grid, erik_orc_4, serial_ice, serial_ice_g, serial_ice_j,
          serial_ice_o, serial_ice_c, serial_bayou_pond_c
D:11:     layout_loops_ring, erik_lair_island, gammafunk_ghost_icy,
          elves_outpost_lemuel, uniq_grum, uniq_maurice, uniq_psyche
D:12:     layout_cave_pools, enter_trove_5, ebering_ghost_reflecting_pool,
          serial_shops, nicolae_shop_advertising_works
          [nicolae_subvault_shop_adworks]
D:13:     layout_rooms, hangedman_vaults_entry_quadrant_bands, uniq_urug,
          uniq_lodul, uniq_rupert, uniq_erolcha
D:14:     layout_loops_ring, elyvilon_altar_1
Lair:1:   layout_chaotic_city, uniq_nergalle
Lair:2:   dragon1_lemuel, layout_chaotic_city, guppyfry_snake_entry_garden,
          minivault_11, chequers_serial_rivers_room_b, grunt_megastairs_3
Lair:3:   layout_gridlike, nicolae_swamp_entry_splash_gauntlet,
          serial_bayou_shore_a, uniq_amaemon
Lair:4:   layout_misc_corridors
Lair:5:   dreamdust_isle_of_ice, layout_cave_shapes
Lair:6:   hangedman_lair_tendril_chambers, layout_long_grid,
          minmay_slime_entry_jelly_boxes, chequers_serial_rivers_large_b,
          st_stairs_4
Swamp:1:  layout_falls_marsh, nicolae_swamp_very_dense_foliage
Slime:1:  layout_caves
Slime:2:  layout_caves, uniq_dissolution
Slime:3:  layout_caves
Slime:4:  layout_caves
Slime:5
Orc:1:    giant_chief_lemuel, layout_caves, gammafunk_ghost_wrathful_warriors,
          nicolae_shop_self_help
Orc:2:    st_orc_rangers, layout_caves, basic_altar, nicolae_shop_firing_range
Elf:1:    eino_elf_arrival_altar, layout_onion_city, serial_shops,
          nicolae_shop_bloodbath_and_beyond, shop, nicolae_shop_crystal,
          hangedman_corner_corridor
Elf:2:    nicolae_elf_blades_crystal_corner, layout_gridlike
Elf:3:    elf_hall_gauntlet_wide, layout_geoelf_grid, palyth_stone_intersect,
          nicolae_elf_variegated_diamond

Skill      XL: |  1  2  3  4  5  6  7  8  9 10 11 12 13 14 15 |
---------------+----------------------------------------------+-----
Long Blades    | 4 5 6 8 10 12 14 16 18 20 21 23 | 23.1
Fighting       | 4 5 6 7 9 10 12 13 14 16 17 | 17.1
Stealth        | 2 4 |  4.4
Armour         | 1 2 3 4 |  4.0
Dodging        | 4 5 6 8 9 11 12 13 14 15 | 15.8
Evocations     | 3 5 |  5.6

Action                   |  1- 3 |  4- 6 |  7- 9 | 10-12 | 13-15 | 16-18 || total
-------------------------+-------+-------+-------+-------+-------+-------++-------
Melee: Falchion          |    55 |   128 |   371 |   691 |   680 |       ||  1925
       Headbutt          |     6 |    13 |    90 |   195 |   330 |    19 ||   653
       Punch             |       |     2 |     7 |    12 |    18 |     1 ||    40
       Kick              |       |       |    62 |   298 |   359 |       ||   719
       Long sword        |       |       |       |       |   348 |       ||   348
       Pseudopods        |       |       |       |       |   151 |    16 ||   167
       Scimitar          |       |       |       |       |   409 |    85 ||   494
       Bite              |       |       |       |       |    44 |     8 ||    52
Throw: Throwing net      |       |       |       |       |     1 |       ||     1
Invok: Slimify           |       |       |       |     5 |    10 |       ||    15
 Abil: Evoke Blink       |       |       |       |       |     1 |       ||     1
Evoke: Wand              |       |     1 |     2 |    19 |     9 |       ||    31
       Tin of tremorston |       |       |       |       |     1 |       ||     1
  Use: Scroll            |       |       |       |     9 |    19 |       ||    28
       Potion            |       |       |       |     5 |     6 |     2 ||    13
 Stab: Sleeping          |     2 |     2 |     1 |       |     3 |       ||     8
Armor: Robe              |     2 |       |       |       |    67 |    19 ||    88
       Quicksilver drago |    19 |    90 |   178 |   161 |   405 |       ||   853
Dodge: Dodged            |    56 |   103 |   284 |   398 |  1244 |    82 ||  2167
       Repelled          |       |       |       |       |    23 |     2 ||    25
Block: Other             |       |       |       |   172 |   184 |       ||   356

Table legend: (Time is in decaauts)
 A = Elapsed time spent in this place.
 B = Non-inter-level travel time spent in this place.
 C = Inter-level travel time spent in this place.
 D = Time resting spent in this place.
 E = Time spent auto-exploring this place.
 F = Levels seen in this place.
 G = Mean time per level.
                   A        B        C        D        E       F      G
               +--------+--------+--------+--------+--------+-----+--------+
         Total |  20115 |  18853 |   1262 |    332 |  13777 |  31 |  648.9 |
       Dungeon |   9390 |   8866 |    524 |     76 |   6841 |  14 |  670.7 |
          Lair |   5163 |   4825 |    338 |     49 |   3632 |   6 |  860.5 |
         Swamp |    169 |    169 |      0 |      0 |    108 |   1 |  169.0 |
    Slime Pits |    616 |    529 |     87 |      0 |    465 |   5 |  123.2 |
  Orcish Mines |   1423 |   1305 |    118 |     53 |    936 |   2 |  711.5 |
   Elven Halls |   3352 |   3159 |    193 |    154 |   1795 |   3 | 1117.3 |
               +--------+--------+--------+--------+--------+-----+--------+

Top non-repeatable levels by time:
   Elf:1: 1389 daAuts
    D:11: 1182 daAuts
  Lair:6: 1135 daAuts
     D:5: 1039 daAuts
  Lair:3: 1026 daAuts
   Elf:3: 984 daAuts
   Elf:2: 978 daAuts
  Lair:5: 882 daAuts
    D:13: 834 daAuts
  Lair:2: 801 daAuts
   Orc:2: 776 daAuts
     D:4: 761 daAuts
     D:6: 737 daAuts
     D:1: 729 daAuts
    D:10: 698 daAuts
